Match 39423729
Unlisted

Match 39423729
End
Construct Section Command Post
Vickers Machine Gun Team
Infantry Section
Infantry Section
ML 3-inch Mortar Team
Construct Platoon Command Post
Humber Armored Car
Vickers Machine Gun Team
6-pounder Anti-tank Gun Team
Selects Heavy Armor Battlegroup
Selects Light Vehicle Withdraw and Refit
Selects Rigorous Vehicle Training
Construct Company Command Post
Selects Forward Repair Assembly
Selects UNKNOWN (2162094)
Selects UNKNOWN (202330)
Royal Engineer Section
Churchill IV Heavy Tank
6-pounder Anti-tank Gun Team
Armored Vehicle Training
Selects Recon Artillery
Churchill IV Heavy Tank
Recon Artillery
Infantry Section
Pour
Tiger Mafia
BigTiddyLebron
CommissarJuriSprite
0
0

Comments sign in to comment!

No comments posted yet!